 Dungeon Crawl Stone Soup version 0.32-a0-931-g5a2cda0630 (webtiles) character file.

Game seed: 14858008622499827838

33 Biggs the Sneak (level 3, -2/18 HPs)
             Began as a Vine Stalker Brigand on Apr 14, 2024.
             Slain by Blork the orc
             ... wielding a +0 battleaxe
              (8 damage)
             ... on level 4 of the Dungeon.
             The game lasted 00:04:42 (843 turns).

Biggs the Sneak (Vine Stalker Brigand)               Turns: 843, Time: 00:04:42

Health: -2/18      AC:  6    Str: 13    XL:     3   Next: 29%
Magic:  0/4        EV:  9    Int: 11    God:
Gold:   106        SH:  0    Dex: 17    Spells: 2/2 levels left

rFire   . . .        a - +2 dagger
rCold   . . .        (no shield)
rNeg    . . .        m - +0 ring mail
rPois   .            (no helmet)
rElec   .            c - +0 cloak
rCorr   .            (no gloves)
SInv    .            (no boots)
Will    +....        o - amulet of regeneration
Stlth   ++           n - ring of willpower
HPRegen 1.83/turn    (no ring)
MPRegen 0.09/turn

%: guardian spirit
@: no status effects
A: fangs 2, regeneration 1, magic shield, antimagic bite, no potion heal 2
a: no special abilities


You were on level 4 of the Dungeon.
You visited 1 branch of the dungeon, and saw 4 of its levels.

You collected 106 gold pieces.

Inventory:

Hand Weapons
 a - a +2 dagger (weapon)
Missiles
 d - 13 poisoned darts (quivered)
 e - 3 curare-tipped darts
Armour
 b - a +0 robe
 c - a +0 cloak (worn)
 m - a +0 ring mail (worn)
Jewellery
 n - a ring of willpower (left hand)
 o - an amulet of regeneration (around neck)
Scrolls
 h - a scroll of vulnerability {unknown}
 j - 5 scrolls of teleportation {unknown}
Potions
 f - 2 potions of heal wounds {unknown}
 g - a potion of might {unknown}
 i - a potion of resistance {unknown}
 k - a potion of mutation {unknown}
 l - a potion of brilliance {unknown}


   Skills:
 - Level 1.7 Fighting
 + Level 3.3 Short Blades
 - Level 1.7 Throwing
 - Level 0.7 Dodging
 - Level 4.8 Stealth


You had 2 spell levels left.
You didn't know any spells.
Your spell library was empty.

Dungeon Overview and Level Annotations

Branches:
Dungeon (4/15)
 Temple: D:4-7

Altars:
Dithmenos
Xom

Shops:
D:2 !

Annotations:
D:4 Blork the orc


Innate Abilities, Weirdness & Mutations

You have extremely sharp teeth.
Your natural rate of healing is unusually fast.
When hurt, damage is shared between your health and your magic reserves.
Your bite disrupts and absorbs the magic of your enemies.
Potions cannot restore your health.


Message History

Blork the orc's magic leaks into the air.
You drain his magic.
You feel invigorated.
Blork the orc is moderately wounded.
Blork the orc falters for a moment.
You barely miss Blork the orc. You bite Blork the orc.
Blork the orc's magic leaks into the air.
You drain his magic.
Blork the orc is heavily wounded.
Blork the orc hits you with a +0 battleaxe!
Unknown command.
You hit Blork the orc but do no damage.
Blork the orc is heavily wounded.
Blork the orc falters for a moment.
You hit Blork the orc.
Blork the orc is heavily wounded.
Blork the orc hits you with a +0 battleaxe.
You hit Blork the orc. You bite Blork the orc.
Blork the orc's magic leaks into the air.
You drain his magic.
You feel invigorated.
Blork the orc is heavily wounded.
You hit Blork the orc.
Blork the orc is severely wounded.
Blork the orc barely misses you.
You hit Blork the orc but do no damage. You bite Blork the orc.
Blork the orc's magic leaks into the air.
You drain his magic.
Blork the orc is severely wounded.
Blork the orc falters for a moment.
You barely miss Blork the orc. You bite Blork the orc.
Blork the orc's magic leaks into the air.
You drain his magic.
Blork the orc is almost dead.
Blork the orc hits you with a +0 battleaxe!
Ouch! That really hurt!
* * * LOW HITPOINT WARNING * * *
You hit Blork the orc.
Blork the orc is almost dead.
Blork the orc hits you with a +0 battleaxe!
You die...
Blork the orc shouts, "I believe in me!"

### ..# #.#
#.# #.###
#.#####...#
#...o@....#
#######...#
#..##
####..#####
#.........#
#..#.####.#
#..#..# #.#
#..##.###.#
#.........#


You could see Blork the orc (magic disrupted).

Vanquished Creatures
  A dart slug (D:1)
  An orc (D:3)
  A ball python (D:3)
  3 bats
  2 endoplasms
  A giant cockroach (D:1)
  3 goblins
  A hobgoblin (D:3)
  4 kobolds
  10 frilled lizards
  6 rats
33 creatures vanquished.

Notes
Turn   | Place    | Note
-------+----------+-------------------------------------------
     0 | D:1      | Biggs the Vine Stalker Brigand began the quest for the Orb.
     0 | D:1      | Reached XP level 1. HP: 11/11 MP: 2/2
   102 | D:1      | Reached XP level 2. HP: 15/15 MP: 3/3
   197 | D:2      | Found Xats's Distillery.
   501 | D:3      | Found a shadowy altar of Dithmenos.
   601 | D:3      | Found a shimmering altar of Xom.
   635 | D:3      | Reached XP level 3. HP: 18/18 MP: 4/4
   825 | D:4      | Noticed Blork the orc
   843 | D:4      | Slain by Blork the orc

Illustrated notes

Levels and vault maps discovered:
D:1:      kennysheep_arrival_forest, layout_loops_corners, chequers_jeans
D:2:      layout_loops_ring, serial_shops, shop_statue, minmay_lizard_pond
D:3:      layout_basic, mainiacjoe_overflow_cross_hatched,
          nicolae_dithmenos_shadow_blocks, serial_glass, glass_columns_c,
          glass_columns_a, glass_columns_a
D:4:      layout_loops_ring, minmay_temple_entry_glassed_door, uniq_natasha,
          uniq_blork_the_orc

Skill      XL: |  1  2 |
---------------+-------+-----
Short Blades   | 2 3 |  3.3
Fighting       | |  1.7
Throwing       | |  1.7
Dodging        | |  0.7
Stealth        | |  4.8

Action                     || total
---------------------------++-------
  Melee: Dagger            ||    97
         Bite              ||    29
   Stab: Sleeping          ||     4
 Armour: Robe              ||    19
         Ring mail         ||    30
  Dodge: Dodged            ||    33

Table legend: (Time is in decaauts)
 A = Elapsed time spent in this place.
 B = Non-inter-level travel time spent in this place.
 C = Inter-level travel time spent in this place.
 D = Time resting spent in this place.
 E = Time spent auto-exploring this place.
 F = Levels seen in this place.
 G = Mean time per level.
                   A        B        C        D        E       F      G
               +--------+--------+--------+--------+--------+-----+--------+
         Total |    828 |    814 |     14 |      0 |      0 |   4 |  207.0 |
       Dungeon |    828 |    814 |     14 |      0 |      0 |   4 |  207.0 |
               +--------+--------+--------+--------+--------+-----+--------+

Top non-repeatable levels by time:
     D:2: 308 daAuts
     D:3: 300 daAuts
     D:1: 177 daAuts
     D:4: 43 daAuts
